 Dungeon Crawl Stone Soup version 0.29.1-15-g9cfb28693d (webtiles) character file.

Game seed: 14443097104993720409

139 Heoruswealwe the Conjurer (level 5, -3/26 (28) HPs)
             Began as a Deep Elf Conjurer on Mar 7, 2023.
             Slain by a gnoll bouda
             ... wielding a +0 club
              (7 damage)
             ... on level 4 of the Dungeon.
             The game lasted 00:33:48 (3070 turns).

Heoruswealwe the Conjurer (Deep Elf Conjurer)       Turns: 3070, Time: 00:33:48

HP:   -3/26 (28)    AC:  3    Str: 10    XL:     5   Next: 1%
MP:   1/14          EV: 12    Int: 25    God:
Gold: 104           SH:  0    Dex: 13    Spells: 11/14 levels left

rFire   . . .      SeeInvis .   e - +0 short sword
rCold   . . .      Faith    .   (no shield)
rNeg    . . .      Spirit   .   p - +0 robe
rPois   .          Reflect  .   l - +0 helmet
rElec   .          Harm     .   (no cloak)
rCorr   .          Rampage  .   (no gloves)
Will    .....                   (no boots)
Stlth   ++........              (no amulet)
HPRegen 0.08/turn               b - +6 ring of strength
MPRegen 0.14/turn               (no ring)

@: weakened, drained
A: no striking features
a: no special abilities


You were on level 4 of the Dungeon.
You visited 1 branch of the dungeon, and saw 4 of its levels.

You collected 104 gold pieces.

Inventory:

Hand Weapons
 e - a +0 short sword (weapon)
Missiles
 k - 2 throwing nets
Armour
 l - a +0 helmet (worn)
 p - a +0 robe (worn)
Jewellery
 b - a +6 ring of strength (left hand)
Scrolls
 m - a scroll of teleportation {unknown}
 o - a scroll of noise {unknown}
 q - a scroll of blinking {unknown}
Potions
 a - a potion of attraction {unknown}
 c - a potion of flight {unknown}
 g - a potion of brilliance {unknown}
 i - 4 potions of curing {unknown}
 n - a potion of mutation {unknown}


   Skills:
 - Level 2.4 Dodging
 - Level 2.4 Stealth
 + Level 5.3 Spellcasting
 + Level 5.8 Conjurations


You had 11 spell levels left.
You knew the following spells:

 Your Spells              Type           Power      Damage    Failure   Level
a - Magic Dart            Conj           100%       1d8       1%          1
b - Searing Ray           Conj           72%        2d7       1%          2

Your spell library contained the following spells:

 Spells                   Type           Power      Damage    Failure   Level
 Dazzling Flash           Conj/Hex       42%        N/A       7%          3
 Fulminant Prism          Conj/Hex       10%        3d9       24%         4
 Iskenderun's Mystic Bla  Conj/Tloc      21%        2d6       24%         4


Dungeon Overview and Level Annotations

Branches:
Dungeon (4/15)
 Temple: D:4-7

Altars:
Yredelemnul


Message History

The magic dart hits the gnoll bouda.
The gnoll bouda is lightly wounded.
Casting: Magic Dart (safe; 1% risk of failure)
Confirm with . or Enter, or press ? or * to list all spells.
Aiming: Magic Dart (safe; 1% risk of failure)
Press: ? - help, Shift-Dir - straight line, f/p - gnoll bouda
Aim: a gnoll bouda, wielding a +0 club and wearing a +0 robe (lightly wounded, 100% to hit)
The magic dart hits the gnoll bouda.
The gnoll bouda is moderately wounded.
Casting: Magic Dart (safe; 1% risk of failure)
Confirm with . or Enter, or press ? or * to list all spells.
Aiming: Magic Dart (safe; 1% risk of failure)
Press: ? - help, Shift-Dir - straight line, f/p - gnoll bouda
Aim: a gnoll bouda, wielding a +0 club and wearing a +0 robe (moderately wounded, 100% to hit)
The magic dart hits the gnoll bouda.
The gnoll bouda is heavily wounded.
Casting: Magic Dart (safe; 1% risk of failure)
Confirm with . or Enter, or press ? or * to list all spells.
Aiming: Magic Dart (safe; 1% risk of failure)
Press: ? - help, Shift-Dir - straight line, f/p - gnoll bouda
Aim: a gnoll bouda, wielding a +0 club and wearing a +0 robe (heavily wounded, 100% to hit)
The magic dart hits the gnoll bouda.
The gnoll bouda is heavily wounded.
Casting: Magic Dart (safe; 1% risk of failure)
Confirm with . or Enter, or press ? or * to list all spells.
Aiming: Magic Dart (safe; 1% risk of failure)
Press: ? - help, Shift-Dir - straight line, f/p - gnoll bouda
Aim: a gnoll bouda, wielding a +0 club and wearing a +0 robe (heavily wounded, 100% to hit)
The magic dart hits the gnoll bouda.
The gnoll bouda is almost dead.
You hear the slow rusting of a distant drain.
Your attacks no longer feel as feeble.
The gnoll bouda gazes fiercely through you!
You feel your attacks grow feeble.
The gnoll bouda attacks as you move away!
The gnoll bouda hits you with a +0 club!
* * * LOW HITPOINT WARNING * * *
The gnoll bouda attacks as you move away!
The gnoll bouda hits you with a +0 club!
You die...

###..##.......###.. ..wg..
##.......#####..##.# #......
##.........## ##..#.# ..g)...
#...........# ##.#.## .......
#...........# #....#####.†.....
#...........# ###....))........
##.........#######..######.......
##...#.........##.## #......
#############.@g.# #..... ###..#
###.. #### .


You could see a gnoll bouda.

Vanquished Creatures
  Robin (D:2)
  3 adders
  2 gnolls (D:4)
  3 worms
  A dart slug (D:1)
  An orc (D:2)
  8 ball pythons
  6 endoplasms
  2 giant cockroaches
  11 goblins
  10 hobgoblins
  2 jackals (D:3)
  A quokka (D:2)
  2 bats (D:1)
  4 frilled lizards
  5 kobolds
  6 rats
68 creatures vanquished.

Notes
Turn   | Place    | Note
-------+----------+-------------------------------------------
     0 | D:1      | Heoruswealwe the Deep Elf Conjurer began the quest for the
                  | Orb.
     0 | D:1      | Reached XP level 1. HP: 10/10 MP: 6/6
   131 | D:1      | Reached XP level 2. HP: 15/15 MP: 1/8
   709 | D:1      | Learned a level 2 spell: Searing Ray
   723 | D:2      | Reached skill level 5 in Conjurations
   723 | D:2      | Reached XP level 3. HP: 19/19 MP: 4/10
  1060 | D:2      | Noticed Robin
  1069 | D:2      | Killed Robin
  1650 | D:2      | Reached XP level 4. HP: 24/24 MP: 9/12
  2024 | D:3      | Found a faded altar of an unknown god.
  2036 | D:3      | Prayed at the altar of an unknown god.
  2036 | D:3      | Became a worshipper of Yredelemnul the Dark
  2036 | D:3      | Reached * piety under Yredelemnul
  2037 | D:3      | Fell from the grace of Yredelemnul
  2322 | D:3      | Reached skill level 5 in Spellcasting
  3039 | D:4      | Reached XP level 5. HP: 8/25 MP: 3/14
  3070 | D:4      | Slain by a gnoll bouda

Illustrated notes

Levels and vault maps discovered:
D:1:      dpeg_arrival_court, layout_basic
D:2:      minmay_door_path, layout_basic, uniq_robin
D:3:      layout_loops_corners, hellmonk_ecumenical_altar_arch_garden
D:4:      layout_rooms, serial_shops, kennysheep_mini, gup_sewer_entry_glass,
          ebering_ghost_reflecting_pool

Skill      XL: |  1  2  3  4 |
---------------+-------------+-----
Spellcasting   | 4 5 |  5.3
Conjurations   | 5 |  5.8
Dodging        | |  2.4
Stealth        | |  2.4

Action                   |  1- 3 |  4- 6 || total
-------------------------+-------+-------++-------
Melee: Dagger            |    14 |       ||    14
       Short sword       |     1 |       ||     1
 Cast: Magic Dart        |    84 |    63 ||   147
       Searing Ray       |     3 |     1 ||     4
Invok: Renounce Religion |       |     1 ||     1
  Use: Potion            |     1 |       ||     1
       Scroll            |       |     4 ||     4
Armor: Robe              |     4 |       ||     4
       Animal skin       |       |     1 ||     1
Dodge: Dodged            |    13 |     4 ||    17
